 Dungeon Crawl Stone Soup version 0.25-a0-42-g6c54e25894 (webtiles) character file.

Game seed: 8411693488786129216, levelgen mode: deterministic

130 ildemir the Cudgeler (level 4, -5/39 HPs)
             Began as a Minotaur Fighter on Oct 22, 2019.
             Killed by nerve-wracking pain
             ... invoked by Jessica
              (7 damage)
             ... on level 3 of the Dungeon.
             The game lasted 00:07:22 (1676 turns).

ildemir the Cudgeler (Minotaur Fighter)             Turns: 1676, Time: 00:07:22

Health: -5/39      AC:  9    Str: 21    XL:     4   Next: 90%
Magic:  3/3        EV:  7    Int:  5    God:
Gold:   88         SH:  9    Dex: 10    Spells: 3/3 levels left

rFire    . . .     SeeInvis .   a - +0 flail
rCold    . . .     Gourm    .   c - +0 shield
rNeg     . . .     Faith    .   m - +0 scale mail
rPois    .         Spirit   .   (helmet restricted)
rElec    .         Reflect  .   (no cloak)
rCorr    .         Harm     .   (no gloves)
MR       .....                  r - +1 pair of boots
Stlth    ..........             (no amulet)
HPRegen  0.13/turn              (no ring)
MPRegen  0.08/turn              (no ring)

@: no status effects
A: retaliatory headbutt, horns 2
a: no special abilities


You were on level 3 of the Dungeon.
You were hungry.

You visited 1 branch of the dungeon, and saw 3 of its levels.

You collected 88 gold pieces.

Inventory:

Hand Weapons
 a - a +0 flail (weapon)
 b - a +0 hunting sling
Missiles
 h - 111 stones (quivered)
Armour
 c - a +0 shield (worn)
 m - a +0 scale mail (worn)
 r - a +1 pair of boots (worn)
Jewellery
 k - an uncursed ring of poison resistance
Scrolls
 i - 3 scrolls of teleportation {unknown}
 j - a scroll of fog {unknown}
 l - a scroll of amnesia {unknown}
 n - 2 scrolls of identify {unknown}
 p - a scroll of remove curse {unknown}
Potions
 d - 3 potions of might
 e - a potion of ambrosia {unknown}
 g - a potion of curing {unknown}
 o - a potion of cancellation {unknown}
 q - a potion of flight {unknown}
Comestibles
 f - 3 rations


   Skills:
 - Level 3.6 Fighting
 + Level 6.2 Maces & Flails
 - Level 3.6 Armour
 - Level 3.6 Shields


You had 3 spell levels left.
You didn't know any spells.
Your spell library was empty.

Dungeon Overview and Level Annotations

Branches:
Dungeon (3/15)

Altars:

Annotations:
D:3 Jessica


Innate Abilities, Weirdness & Mutations

You reflexively headbutt those who attack you in melee.
You have a pair of horns on your head.


Message History

Pain shoots through your body!
You are too injured to fight recklessly!
You are too injured to fight recklessly!
You are too injured to fight recklessly!
You are too injured to fight recklessly!
You are too injured to fight recklessly!
You are too injured to fight recklessly!
You are too injured to fight recklessly!
You are too injured to fight recklessly!
You hit Jessica. Your headbutt misses Jessica.
Jessica is almost dead.
Jessica hits you. Jessica gestures at you while chanting.
Pain shoots through your body!
* * * LOW HITPOINT WARNING * * *
You closely miss Jessica.
Jessica is almost dead.
Jessica casts a spell at you. Pain shoots through your body!
You die...

#.#....#########.#######
#.#....#########.#
#................##
################..#
####### #..# ####.....#
#..# .........# #..##
.........# #...#
......@@.####.#†#
........))....#.#
...(#...#######.#
........# .. .........
#. ###..... .. #(.... #.
#......


You could see Jessica.

Vanquished Creatures
  An orc priest (D:3)
  3 adders (D:2)
  2 worms
  A dart slug (D:1)
  A leopard gecko (D:2)
  3 orcs (D:3)
  14 giant cockroaches
  4 goblins
  5 hobgoblins
  4 jackals (D:2)
  3 kobolds
  A ball python (D:2)
  10 bats
  2 frilled lizards
  5 rats
59 creatures vanquished.

Notes
Turn   | Place    | Note
-------+----------+-------------------------------------------
     0 | D:1      | ildemir the Minotaur Fighter began the quest for the Orb.
     0 | D:1      | Reached XP level 1. HP: 19/19 MP: 0/0
   217 | D:1      | Reached skill level 3 in Maces & Flails
   368 | D:1      | Reached XP level 2. HP: 26/26 MP: 1/1
   764 | D:2      | Reached skill level 4 in Maces & Flails
  1062 | D:2      | Reached XP level 3. HP: 31/31 MP: 2/2
  1238 | D:2      | Reached skill level 5 in Maces & Flails
  1372 | D:2      | Reached XP level 4. HP: 38/39 MP: 3/3
  1652 | D:3      | Noticed Jessica
  1656 | D:3      | Reached skill level 6 in Maces & Flails
  1676 | D:3      | Killed from afar by Jessica

Levels and vault maps discovered:
D:1:      roderic_crossed_star, layout_loops_ring
D:2:      minmay_roachtagon, layout_loops_cross, first_ration
D:3:      layout_basic, uniq_sigmund, uniq_jessica

Skill      XL: |  1  2  3  4 |
---------------+-------------+-----
Maces & Flails | 3 4 5 6 |  6.2
Fighting       | |  3.6
Armour         | |  3.6
Shields        | |  3.6

Action                   |  1- 3 |  4- 6 || total
-------------------------+-------+-------++-------
Melee: Flail             |    98 |    56 ||   154
       Headbutt          |    12 |     7 ||    19
 Fire: Hunting sling     |     5 |       ||     5
  Eat: Chunk             |     1 |     1 ||     2
Armor: Scale mail        |    54 |    26 ||    80
Dodge: Dodged            |    38 |     9 ||    47
Block: Shield            |    58 |    34 ||    92

Table legend:
 A = Non-vault XP
 B = Vault XP
 C = Vault XP percentage of total XP
 D = Non-vault monster count
 E = Vault monster count
 F = Vault count percentage of total count
                 A         B        C        D         E       F
            +---------+---------+-------+---------+---------+-------
      Total |     167 |      20 |  10.7 |      49 |      10 |  16.9
            +---------+---------+-------+---------+---------+-------
        D:1 |      25 |       0 |   0.0 |      14 |       0 |   0.0
        D:2 |      80 |      20 |  20.0 |      26 |      10 |  27.8
        D:3 |      62 |       0 |   0.0 |       9 |       0 |   0.0
            +---------+---------+-------+---------+---------+-------
